Map: Затон РВ

Players

Lambo

  • Race: Zerg Zerg
  • Spawn Location: 11:00

bly - Winner!

  • Race: Zerg Zerg
  • Spawn Location: 5:00

Event: WESG 2017 Haikou

VOD

Have the link to the VOD?

Description

Time

  • Played on: March 16, 2018, 12:55 a.m.
  • Length: 12:14

All games in this series

Show
View Real Time Build Order
Export as new Build Order

Lambo Zerg 

Build Orders: Hatch First, Roach Hydra 

Get SALT Encoding   

  12  0:00  Drone  
  13  0:12  Overlord  
  13  0:17  Drone  
  14  0:31  Drone x2  
  16  0:49  Hatchery  
  15  0:51  Drone  
  15  0:55  Drone  
  17  1:09  Spawning Pool  
  16  1:11  Extractor  
  16  1:14  Drone  
  16  1:18  Drone  
  17  1:21  Drone  
  18  1:29  Drone  
  19  1:41  Drone  
  20  1:56  Queen  
  20  1:59  Spine Crawler  
  20  2:01  Zergling x6  
  24  2:08  Queen  
  26  2:12  Zergling x4  
  28  2:28  Drone  
  28  2:46  Metabolic Boost  
  27  2:55  Overlord  
  27  2:56  Evolution Chamber  
  27  2:57  Drone  
  27  3:13  Overlord  
  27  3:14  Drone x2  
  27  3:15  Drone x2, Zergling x4  
  27  3:18  Zergling x2  
  34  3:23  Zergling x2  
  35  3:29  Overlord  
  35  3:48  Overlord  
  35  3:49  Drone x7  
  42  3:56  Drone  
  43  4:10  Drone  
  43  4:11  Drone x2  
  43  4:14  Overlord  
  46  4:17  Drone  
  46  4:18  Drone  
  46  4:19  Hatchery  
  46  4:20  Drone  
  49  4:24  Drone x2  
  49  4:27  Zerg Missile Weapons Level 1  
  49  4:31  Extractor  
  48  4:32  Extractor, Drone  
  48  4:33  Drone  
  48  4:34  Overlord  
  49  4:40  Drone  
  49  4:43  Drone x2  
  52  4:50  Drone  
  50  4:53  Overlord  
  50  4:55  Drone x2  
  50  4:57  Extractor  
  50  4:58  Drone x3  
  50  4:59  Roach Warren  
  52  5:01  Drone  
  52  5:02  Drone  
  53  5:17  Lair  
  53  5:18  Pneumatized Carapace  
  53  5:20  Drone x2  
  55  5:23  Zergling x4  
  58  5:28  Drone x2  
  58  5:32  Queen  
  61  5:35  Drone  
  61  5:36  Drone x2  
  64  5:47  Zergling x6  
  64  5:48  Zergling x6  
  68  6:10  Drone x2  
  70  6:13  Drone x4  
  70  6:15  Extractor  
  70  6:16  Extractor, Glial Reconstitution  
  72  6:19  Evolution Chamber  
  72  6:20  Overseer  
  72  6:21  Drone x2  
  72  6:22  Drone  
  72  6:23  Drone  
  72  6:24  Drone x2  
  77  6:25  Zerg Missile Weapons Level 2  
  77  6:27  Drone  
  77  6:29  Hydralisk Den  
  77  6:30  Drone x2  
  79  6:36  Overlord  
  79  6:37  Overlord  
  79  6:41  Roach  
  79  6:43  Spine Crawler  
  79  6:44  Overlord  
  79  6:45  Spine Crawler x2, Overlord  
  77  6:47  Overlord  
  77  6:50  Roach x2  
  81  6:54  Overlord  
  81  6:55  Roach x3  
  81  6:56  Roach  
  81  6:59  Roach x2  
  93  7:03  Roach  
  93  7:05  Ravager  
  93  7:06  Roach x3  
  102  7:12  Roach  
  102  7:13  Roach x4  
  109  7:18  Roach x2  
  111  7:23  Grooved Spines  
  111  7:24  Roach x4  
  111  7:26  Ravager  
  120  7:33  Hydralisk x5  
  130  7:42  Overlord  
  130  7:44  Overlord  
  130  7:45  Overlord  
  130  7:49  Overlord  
  130  7:50  Overlord  
  130  7:52  Overlord  
  130  7:53  Overlord  
  130  7:55  Overlord  
  130  7:59  Zerg Ground Armor Level 1  
  130  8:05  Hydralisk x5  
  130  8:11  Overseer  
  130  8:12  Hydralisk x2  
  140  8:18  Roach  
  140  8:19  Roach x2  
  147  8:22  Roach x3  
  147  8:26  Overseer  
  153  8:33  Drone  
  154  8:34  Muscular Augments  
  154  8:36  Drone x2  
  154  8:38  Roach x5  
  166  8:44  Roach x3  
  166  8:47  Roach  
  174  8:52  Hatchery  
  174  8:54  Roach x2  
  177  8:59  Roach x3  
  183  9:03  Roach x3  
  183  9:07  Ravager  
  183  9:09  Overlord  
  190  9:10  Roach x2  
  194  9:18  Overlord  
  194  9:19  Overlord  
  194  9:30  Overlord  
  194  9:35  Roach  
  194  9:36  Roach x2  
  200  9:45  Overlord  
  200  9:46  Lurker Den, Overlord  
  199  9:53  Overlord  
  199  9:57  Roach  
  199  9:58  Roach  
  199  9:59  Roach x3  
  195  10:01  Roach x3  
  195  10:22  Overlord  
  195  10:26  Roach x4  
  196  10:31  Overlord  
  196  10:33  Overlord  
  182  10:37  Hydralisk x8  
  182  10:38  Hydralisk  
  197  10:47  Hatchery  
  196  10:51  Roach x2  
  200  11:04  Overlord  
  198  11:12  Overseer  
  198  11:13  Overseer  
  198  11:14  Overseer  
  198  11:15  Hydralisk  
  199  11:22  Overseer  
  199  11:25  Roach  
  197  11:37  Drone x5  
  194  11:51  Roach x5  
  194  11:52  Overlord x2  
Show
View Real Time Build Order
Export as new Build Order

bly Zerg - Winner!

Build Orders: Pool First, Lurkers 

Get SALT Encoding   

  12  0:18  Spawning Pool  
  11  0:22  Drone  
  11  0:27  Drone  
  13  0:31  Drone  
  14  0:43  Overlord  
  14  1:05  Zergling x4  
  14  1:06  Zergling x2  
  17  1:16  Zergling x2  
  18  1:19  Hatchery  
  17  1:27  Zergling x2  
  18  1:36  Queen  
  18  1:39  Zergling x2  
  21  1:49  Zergling x2  
  22  2:01  Overlord  
  22  2:19  Queen  
  24  2:27  Drone x2  
  25  2:32  Drone  
  25  2:33  Drone  
  25  2:34  Queen  
  27  2:45  Drone x3  
  27  2:46  Drone  
  31  2:52  Drone  
  31  2:54  Drone  
  33  3:02  Drone  
  33  3:03  Overlord  
  34  3:18  Drone x2  
  36  3:23  Drone x4  
  40  3:28  Drone x3  
  43  3:37  Roach Warren  
  43  3:38  Evolution Chamber  
  43  3:39  Evolution Chamber  
  40  3:42  Drone x2  
  40  3:44  Extractor  
  40  3:46  Extractor  
  40  3:47  Overlord  
  40  3:54  Drone  
  40  3:55  Drone x2  
  43  4:06  Drone x2  
  45  4:13  Drone  
  45  4:16  Overlord  
  46  4:22  Drone, Hatchery  
  45  4:32  Drone x3  
  45  4:33  Overlord  
  45  4:37  Drone  
  49  4:48  Zerg Missile Weapons Level 1, Overlord  
  49  4:53  Drone x6  
  49  4:55  Drone, Extractor  
  49  4:56  Extractor  
  54  5:00  Lair  
  54  5:04  Drone  
  55  5:09  Drone x2  
  57  5:18  Drone  
  58  5:23  Overlord  
  58  5:24  Zerg Ground Armor Level 1  
  58  5:25  Overlord  
  58  5:32  Overlord  
  58  5:34  Drone x3  
  61  5:35  Drone  
  61  5:40  Drone  
  61  5:42  Drone  
  64  5:43  Drone x3  
  67  6:02  Glial Reconstitution  
  66  6:04  Overlord  
  65  6:12  Roach x8  
  65  6:13  Roach x4  
  65  6:17  Roach  
  65  6:18  Roach x3  
  95  6:25  Roach  
  97  6:29  Extractor  
  97  6:30  Extractor  
  95  6:44  Roach  
  95  6:45  Roach x7  
  111  6:50  Roach  
  111  6:52  Overlord x2  
  113  7:02  Overlord  
  113  7:05  Zerg Missile Weapons Level 2  
  113  7:09  Overlord x2  
  115  7:15  Roach  
  115  7:16  Roach x7  
  115  7:21  Roach x5  
  138  7:27  Roach, Overlord x3  
  140  7:32  Tunneling Claws  
  140  7:50  Drone x3  
  141  7:53  Drone x4  
  141  7:54  Hydralisk Den, Drone  
  139  8:06  Hatchery  
  139  8:07  Roach x7  
  152  8:14  Overlord  
  152  8:15  Overlord  
  150  8:23  Roach x6  
  158  8:27  Burrow  
  158  8:30  Lurker Den  
  157  8:36  Roach  
  157  8:37  Roach x4  
  167  8:45  Roach x4  
  175  8:53  Overlord x2  
  175  8:54  Roach x2  
  179  9:01  Roach x3  
  185  9:10  Overlord  
  185  9:16  Hydralisk  
  185  9:17  Hydralisk x4  
  185  9:18  Hydralisk  
  197  9:43  Extractor  
  197  9:45  Extractor  
  177  10:01  Lurker x5  
  177  10:02  Lurker  
  179  10:10  Hydralisk x5  
  179  10:11  Hydralisk  
  189  10:18  Roach  
  169  10:34  Hydralisk, Roach x18  
  169  10:35  Roach  
  161  10:36  Roach x13  
  161  10:37  Roach x3  
  183  10:47  Roach x5  
  181  10:51  Overseer, Lurker x2  
  179  10:57  Roach  
  179  10:58  Roach  
  179  11:09  Roach  
  179  11:10  Roach x9  
  187  11:17  Roach x11  
  187  11:28  Roach x2  
  187  11:30  Roach  
  187  11:31  Roach x5  
  192  11:42  Roach x4  
Tags
 
Add a new tag
Caveats
  • Supply blocks, unpowered buildings, or Contaminate may cause inaccurate times.
  • Supply counts are checked every 10 seconds.